Workbook
Name A: #REF!
Name A: #REF!
Name A: #REF!
Name AAAAAAAAAAA: #REF!
Name AAAAAAAAAAA: #REF!
Name AAAAAAAAAAA: #REF!
Name B: #REF!
Name B: #REF!
Name B: #REF!
Name b110000000000: #REF!
Name bbbbbbbbbbbbbbb: #REF!
Name bbbbbbbbbbbbbbb: #REF!
Name bbbbbbbbbbbbbbb: #REF!
Name CONSOL_HIERARQUIZADO_HCOP: #REF!
Name CONSOL_HIERARQUIZADO_HCOP: #REF!
Name CONSOL_HIERARQUIZADO_HCOP: #REF!
Name CONSOLIDADO: #REF!
Name CONSOLIDADO: #REF!
Name CONSOLIDADO: #REF!
Name CRIS: #REF!
Name CRIS: #REF!
Name CRIS: #REF!
Name E: #REF!
Name E: #REF!
Name E: #REF!
Name e_consolidado_hier_completa: #REF!
Name e_consolidado_hier_completa: #REF!
Name e_consolidado_hier_completa: #REF!
Name e_consolidado_julho07_hier_completa: #REF!
Name e_consolidado_julho07_hier_completa: #REF!
Name e_consolidado_julho07_hier_completa: #REF!
Name e_saldo_total_julh07_hier_completa: #REF!
Name e_saldo_total_julh07_hier_completa: #REF!
Name e_saldo_total_julh07_hier_completa: #REF!
Name F: #REF!
Name F: #REF!
Name F: #REF!
Name FFFFFFF: #REF!
Name FFFFFFF: #REF!
Name FFFFFFF: #REF!
Name FFFFFFFFFFFFFFFFFF: #REF!
Name FFFFFFFFFFFFFFFFFF: #REF!
Name FFFFFFFFFFFFFFFFFF: #REF!
Name fppfpfpfp: #REF!
Name fppfpfpfp: #REF!
Name fppfpfpfp: #REF!
Name ggg: #REF!
Name ggg: #REF!
Name ggg: #REF!
Name GR: #REF!
Name GR: #REF!
Name GR: #REF!
Name ICESP_DFC___CONSOL_HIERAR: #REF!
Name ICESP_DFC___CONSOL_HIERAR: #REF!
Name ICESP_DFC___CONSOL_HIERAR: #REF!
Name já: #REF!
Name já: #REF!
Name já: #REF!
Name jjjjjjjjjjjjjjjjjjjjj: #REF!
Name jjjjjjjjjjjjjjjjjjjjj: #REF!

Sheet BALANÇO
A2: INSTITUTO DO CÂNCER DO ESTADO DE SÃO PAULO - ICESP
A3: CONTRATO DE GESTÃO N.º 01/2022
A4: ANO V - FEV/2026 A JAN/2027
A6: CENTROS DE GERENCIAMENTO OPERACIONAIS
A8: BALANÇO PATRIMONIAL EM 31/08/2026 (EM R$)
B10: SD 28/02/2026 | C10: SD 31/03/2026 | D10: SD 30/04/2026 | E10: SD 31/05/2026 | F10: SD 30/06/2026 | G10: SD 31/07/2026 | H10: SD 31/08/2026 | I10: SD 30/09/2026 | J10: SD 31/10/2026 | K10: SD 30/11/2026 | L10: SD 31/12/2026 | M10: SD 31/01/2027
A12: ATIVO | B12: =B13+B21 -> 66179042 | C12: =C13+C21 -> 64698111 | D12: =D13+D21 -> 62783043 | E12: =E13+E21 -> 63302870 | F12: =F13+F21 -> 64071901 | G12: =G13+G21 -> 65059205 | H12: =H13+H21 -> 64123392 | I12: =I13+I21 -> 0 | ... M12: =M13+M21 -> 0
A13: CIRCULANTE | B13: =SUM(B14:B20) -> 59345775 | C13: =SUM(C14:C20) -> 57962498 | D13: =SUM(D14:D20) -> 56192053 | E13: =SUM(E14:E20) -> 56804319 | F13: =SUM(F14:F20) -> 57680314 | G13: =SUM(G14:G20) -> 59504844 | H13: 58734800 | I13: =SUM(I14:I20) -> 0 | J13: =SUM(J14:J20) -> 0 | K13: =SUM(K14:K20) -> 0 | L13: =SUM(L14:L20) -> 0 | M13: =SUM(M14:M20) -> 0
A14: CAIXA | B14: 2500 | C14: 2500 | D14: 2500 | E14: 2500 | F14: 2500 | G14: 2500 | H14: 2500
A15: SALDOS EM CONTAS BANCÁRIAS | B15: 0 | C15: 0 | D15: 0 | E15: 0 | F15: 0 | G15: 0 | H15: 0
A16: APLICAÇÕES FINANCEIRAS | B16: 6248197.9 | C16: 10045968 | D16: 6291639.1 | E16: 7963376.4 | F16: 9201554.8 | G16: 6212037.8 | H16: 5430616
A17: CONTAS A RECEBER | B17: 7230408 | C17: 6137495.1 | D17: 4617823.8 | E17: 4285233.6 | F17: 4904214.7 | G17: 7111583.8 | H17: 7180738.8
A18: ESTOQUES | B18: 41977843 | C18: 39161408 | D18: 41731290 | E18: 41236750 | F18: 39301088 | G18: 42135152 | H18: 42095981
A19: DESPESAS ANTECIPADAS | B19: 430193.84 | C19: 433975.7 | D19: 365677.27 | E19: 723326.65 | F19: 636560.23 | G19: 841250.35 | H19: 828653.53
A20: OUTROS CRÉDITOS | B20: 3456632.6 | C20: 2181151 | D20: 3183123.1 | E20: 2593132.8 | F20: 3634396.4 | G20: 3202320 | H20: 3196310.4
A21: ATIVO NÃO CIRCULANTE | B21: =SUM(B22:B24) -> 6833267.4 | C21: =SUM(C22:C24) -> 6735612.4 | D21: =SUM(D22:D24) -> 6590989.6 | E21: =SUM(E22:E24) -> 6498551.1 | F21: =SUM(F22:F24) -> 6391586.4 | G21: =SUM(G22:G24) -> 5554360.9 | H21: =SUM(H22:H24) -> 5388591.7 | I21: =SUM(I22:I24) -> 0 | ... M21: =SUM(M22:M24) -> 0
A22: DEPÓSITOS RECURSAIS TRABALHISTAS | B22: 1544701.5 | C22: 1599550.2 | D22: 1550728.6 | E22: 1556225.4 | F22: 1553838.7 | G22: 814363.56 | H22: 762849.38
A23: DESPESAS ANTECIPADAS | B23: 77171.77 | C23: 72682.46 | D23: 68193.15 | E23: 63703.84 | F23: 59214.53 | G23: 57345.11 | H23: 55863.69
A24: IMOBILIZADO E INTANGÍVEL | B24: 5211394.1 | C24: 5063379.7 | D24: 4972067.8 | E24: 4878621.8 | F24: 4778533.2 | G24: 4682652.2 | H24: 4569878.6
A25: PASSIVO | B25: =B26+B34+B37 -> 66179042 | C25: =C26+C34+C37 -> 64698111 | D25: =D26+D34+D37 -> 62783043 | E25: =E26+E34+E37 -> 63302870 | F25: =F26+F34+F37 -> 64071901 | G25: =G26+G34+G37 -> 65059205 | H25: =H26+H34+H37 -> 64123392 | I25: =I26+I34+I37 -> -78070360 | ... M25: =M26+M34+M37 -> -78070360
A26: CIRCULANTE | B26: =SUM(B27:B33) -> 1.3456601e+08 | C26: =SUM(C27:C33) -> 1.3734661e+08 | D26: =SUM(D27:D33) -> 1.4133208e+08 | E26: =SUM(E27:E33) -> 1.4580103e+08 | F26: =SUM(F27:F33) -> 1.511636e+08 | G26: =SUM(G27:G33) -> 1.5378936e+08 | H26: =SUM(H27:H33) -> 1.5619793e+08 | I26: =SUM(I27:I33) -> 0 | ... M26: =SUM(M27:M33) -> 0
A27: FORNECEDORES | B27: 24400273 | C27: 24189751 | D27: 25609027 | E27: 23305715 | F27: 22425477 | G27: 26292634 | H27: 26091606
A28: SERVIÇOS DE TERCEIROS | B28: 10794212 | C28: 10974557 | D28: 10781489 | E28: 15584516 | F28: 16132070 | G28: 14290782 | H28: 14656987
A29: OBRIGAÇÕES SOCIAIS E TRABALHISTAS | B29: 78569431 | C29: 83356322 | D29: 87638592 | E29: 89789325 | F29: 93895574 | G29: 92892261 | H29: 96564482
A30: OBRIGAÇÕES FISCAIS | B30: 7901992.5 | C30: 8476966.4 | D30: 9131524.6 | E30: 9194656.4 | F30: 8602318.7 | G30: 8616875.3 | H30: 8186612.2
A31: RECEITAS DIFERIDAS | B31: 5838890 | C31: 5396667.1 | D31: 4761262.2 | E31: 5761238.3 | F31: 4759594.9 | G31: 5851769.7 | H31: 6269641.5
A32: SALDO CREDOR DE REPASSES | B32: 0 | C32: 0 | D32: 0 | E32: 0 | F32: 0 | G32: 0 | H32: 0
A33: OUTRAS OBRIGAÇÕES | B33: 7061210.1 | C33: 4952342.3 | D33: 3410182.1 | E33: 2165575.8 | F33: 5348563.7 | G33: 5845036.3 | H33: 4428600.2
A34: PASSIVO NÃO CIRCULANTE | B34: =SUM(B35:B36) -> 6805318.9 | C34: =SUM(C35:C36) -> 6744304.2 | D34: =SUM(D35:D36) -> 6905899.5 | E34: =SUM(E35:E36) -> 7009431.4 | F34: =SUM(F35:F36) -> 6770952 | G34: =SUM(G35:G36) -> 6017001.4 | H34: =SUM(H35:H36) -> 5823078.8 | I34: =SUM(I35:I36) -> 0 | ... M34: =SUM(M35:M36) -> 0
A35: RECEITAS DIFERIDAS | B35: 4424682.2 | C35: =4361728.56+1938.86 -> 4363667.4 | D35: 4359342.4 | E35: 4298356.6 | F35: 4242224.3 | G35: 3246161.1 | H35: 3185618.8
A36: PROVISÃO PARA RISCOS FISCAIS, TRABALHISTAS E CÍVEIS | B36: 2380636.8 | C36: 2380636.8 | D36: 2546557.1 | E36: 2711074.8 | F36: 2528727.7 | G36: 2770840.3 | H36: 2637460
A37: PATRIMÔNIO LÍQUIDO | B37: =SUM(B38:B39) -> -75192285 | C37: =SUM(C38:C39) -> -79392799 | D37: =SUM(D38:D39) -> -85454934 | E37: =SUM(E38:E39) -> -89507587 | F37: =SUM(F38:F39) -> -93862651 | G37: =SUM(G38:G39) -> -94747155 | H37: =SUM(H38:H39) -> -97897616 | I37: =SUM(I38:I39) -> -78070360 | ... M37: =SUM(M38:M39) -> -78070360
A38: RESULTADO ACUMULADO | B38: -78070360 | C38: =B38 -> -78070360 | D38: =C38 -> -78070360 | E38: =D38 -> -78070360 | F38: =E38 -> -78070360 | G38: -78070360 | H38: =G38 -> -78070360 | I38: =H38 -> -78070360 | J38: =I38 -> -78070360 | K38: =J38 -> -78070360 | L38: =K38 -> -78070360 | M38: =L38 -> -78070360
A39: RESULTADO DO PERÍODO | B39: =+'DRE '!B44 -> 2878074.7 | C39: =SUM('DRE '!$B$44:C44) -> -1322439.6 | D39: =SUM('DRE '!$B$44:D44) -> -7384574.1 | E39: =SUM('DRE '!$B$44:E44) -> -11437228 | F39: =SUM('DRE '!$B$44:F44) -> -15792291 | G39: =SUM('DRE '!$B$44:G44) -> -16676795 | H39: =SUM('DRE '!$B$44:H44) -> -19827256

Sheet DRE 
A2: INSTITUTO DO CÂNCER DO ESTADO DE SÃO PAULO - ICESP
A3: CONTRATO DE GESTÃO N.º 01/2022
A4: ANO V - FEV/2026 A JAN/2027
A6: CENTROS DE GERENCIAMENTO OPERACIONAIS
A8: DEMONSTRAÇÃO DOS RESULTADOS EM AGOSTO/26 (EM R$)
B10: 46054 | C10: 46082 | D10: 46113 | E10: 46143 | F10: 46174 | G10: 46204 | H10: 46235 | I10: 46266 | J10: 46296 | K10: 46327 | L10: 46357 | M10: 46388 | N10: TOTAL
A12: RECEITAS OPERACIONAIS | B12: =SUM(B13:B17) -> 71240280 | C12: =SUM(C13:C17) -> 71136541 | D12: =SUM(D13:D17) -> 71190177 | E12: =SUM(E13:E17) -> 70991327 | F12: =SUM(F13:F17) -> 72134665 | G12: =SUM(G13:G17) -> 74909210 | H12: =SUM(H13:H17) -> 72069490 | I12: =SUM(I13:I17) -> 0 | ... N12: =SUM(N13:N17) -> 5.0367169e+08
A13: CONTRATO DE GESTÃO Nº 01/2022 | B13: 69000000 | C13: 69000000 | D13: 69000000 | E13: 69000000 | F13: 70000000 | G13: 72000000 | H13: 69666667 | N13: =SUM(B13:M13) -> 4.8766667e+08
A14: REPASSE MEDICAMENTOS - MS | B14: 1292230.5 | C14: 1485604.6 | D14: 1505655.9 | E14: 1370949.1 | F14: 1439524.7 | G14: 1686681.7 | H14: 1473027.1 | N14: =SUM(B14:M14) -> 10253674
A15: DOAÇÕES | B15: 551888.71 | C15: 569867.73 | D15: 516518.66 | E15: 431497.84 | F15: 621149.96 | G15: 119631.11 | H15: 823689.99 | N15: =SUM(B15:M15) -> 3634244
A16: SUBVENÇÕES INVESTIMENTOS | B16: 220193.54 | C16: 54746.23 | D16: 50172.45 | E16: 61892 | F16: 61892.37 | G16: 998899.24 | H16: 62022.05 | N16: =SUM(B16:M16) -> 1509817.9
A17: OUTRAS RECEITAS | B17: 175967.66 | C17: 26322.06 | D17: 117830.04 | E17: 126988.08 | F17: 12098.03 | G17: 103997.51 | H17: 44084.48 | N17: =SUM(B17:M17) -> 607287.86
A19: DESPESAS OPERACIONAIS | B19: =SUM(B27:B36)+B26 -> -68427316 | C19: =SUM(C27:C36)+C26 -> -75507504 | D19: =SUM(D27:D36)+D26 -> -77350534 | E19: =SUM(E27:E36)+E26 -> -75122763 | F19: =SUM(F27:F36)+F26 -> -76639657 | G19: =SUM(G27:G36)+G26 -> -75978963 | H19: =SUM(H27:H36)+H26 -> -75344673 | I19: =SUM(I27:I36)+I26 -> 0 | ... N19: =SUM(N27:N36)+N26 -> -5.2437141e+08
A20: PESSOAL
A21: SALÁRIOS | B21: -28835455 | C21: -30848963 | D21: -32478552 | E21: -29529755 | F21: -30029253 | G21: -29031784 | H21: -29141224 | N21: =SUM(B21:M21) -> -2.0989499e+08
A22: PROVISÕES PARA FÉRIAS | B22: -3438613.4 | C22: -4586477.4 | D22: -3884828.7 | E22: -3686216.3 | F22: -3818884.6 | G22: -3524234.5 | H22: -3758692.6 | N22: =SUM(B22:M22) -> -26697948
A23: BENEFÍCIOS | B23: -3823619.8 | C23: -3810758.8 | D23: -3847662.8 | E23: -3774282.7 | F23: -4076630.2 | G23: -3887872.4 | H23: -3894669.1 | N23: =SUM(B23:M23) -> -27115496
A24: PROVISÕES PARA 13º SALÁRIO | B24: -3273524.9 | C24: -3431451.1 | D24: -3383443.5 | E24: -3266844.6 | F24: -3421888 | G24: -1870443.6 | H24: -3044809 | N24: =SUM(B24:M24) -> -21692405
A25: ENCARGOS SOCIAIS | B25: -2585441.1 | C25: -2722989.8 | D25: -2733811.9 | E25: -2601701 | F25: -2626383.8 | G25: -2701804.2 | H25: -2594994.1 | N25: =SUM(B25:M25) -> -18567126
A26: TOTAL PESSOAL | B26: =SUM(B21:B25) -> -41956654 | C26: =SUM(C21:C25) -> -45400640 | D26: =SUM(D21:D25) -> -46328299 | E26: =SUM(E21:E25) -> -42858800 | F26: =SUM(F21:F25) -> -43973040 | G26: =SUM(G21:G25) -> -41016139 | H26: =SUM(H21:H25) -> -42434389 | I26: =SUM(I21:I25) -> 0 | ... N26: =SUM(N21:N25) -> -3.0396796e+08
A27: MATERIAIS PARA CONSUMO | B27: -13036222 | C27: -16286756 | D27: -16916504 | E27: -14956069 | F27: -16792910 | G27: -18844908 | H27: -17494831 | N27: =SUM(B27:M27) -> -1.143282e+08
A28: SERVIÇOS PROFISSIONAIS | B28: -9288964.8 | C28: -8682575.7 | D28: -7808203.1 | E28: -12707293 | F28: -9469554.2 | G28: -10607538 | H28: -9438000.3 | N28: =SUM(B28:M28) -> -68002129
A29: REPASSES HCFMUSP - SERV. PRESTADOS | B29: -1864556 | C29: -2168510.1 | D29: -2550786.7 | E29: -1547458.7 | F29: -2906837.8 | G29: -1692557.9 | H29: -2601759.8 | N29: =SUM(B29:M29) -> -15332467
A30: UTILIDADES E SERVIÇOS | B30: -1225483 | C30: -1313254.9 | D30: -1153668 | E30: -1250981.9 | F30: -1023714.7 | G30: -1224914.6 | H30: -1237813 | N30: =SUM(B30:M30) -> -8429830.1
A31: ALUGUÉIS DE EQUIPAMENTOS E IMÓVEIS | B31: -335213.54 | C31: -840836.8 | D31: -1330750.1 | E31: -900992.94 | F31: -1782833.2 | G31: -1018435.3 | H31: -1492554 | N31: =SUM(B31:M31) -> -7701615.8
A32: PERDAS ESTIMADAS CRÉDITO LIQ DUVIDOSA | B32: 0 | C32: 0 | D32: 0 | E32: 0 | F32: 0 | G32: 0 | H32: 0 | N32: =SUM(B32:M32) -> 0
A33: PROVISÕES PARA RISCOS TRABALHISTAS | B33: -157105.23 | C33: -341353.64 | D33: -546969.9 | E33: -230733.85 | F33: -29560.17 | G33: -692237.91 | H33: -26940.45 | N33: =SUM(B33:M33) -> -2024901.2
A34: DEPRECIAÇÕES E AMORTIZAÇÕES | B34: -152764.65 | C34: -152836.56 | D34: -102442.05 | E34: -102233 | F34: -102178.2 | G34: -101518.25 | H34: -101425.38 | N34: =SUM(B34:M34) -> -815398.09
A35: RESULTADO NA BAIXA DE IMOBILIZADO | B35: 0 | C35: 0 | D35: 0 | E35: 0 | F35: 0 | G35: 0 | H35: -17205.26 | N35: =SUM(B35:M35) -> -17205.26
A36: OUTRAS DESPESAS | B36: -410352.68 | C36: -320740.33 | D36: -612911.81 | E36: -568201.72 | F36: -559028.4 | G36: -780714.21 | H36: -499755.2 | N36: =SUM(B36:M36) -> -3751704.4
A38: RESULTADO OPERACIONAL | B38: =B12+B19 -> 2812964.5 | C38: =C12+C19 -> -4370963.4 | D38: =D12+D19 -> -6160357.3 | E38: =E12+E19 -> -4131436.4 | F38: =F12+F19 -> -4504991.5 | G38: =G12+G19 -> -1069753.4 | H38: =H12+H19 -> -3275182.6 | I38: =I12+I19 -> 0 | ... N38: =N12+N19 -> -20699720
A40: RESULTADOS FINANCEIROS LÍQUIDOS | B40: =SUM(B41:B42) -> 65110.24 | C40: =SUM(C41:C42) -> 170449.09 | D40: =SUM(D41:D42) -> 98222.84 | E40: =SUM(E41:E42) -> 78782.76 | F40: =SUM(F41:F42) -> 149928.37 | G40: =SUM(G41:G42) -> 185249.47 | H40: =SUM(H41:H42) -> 124721.31 | I40: =SUM(I41:I42) -> 0 | ... N40: =SUM(N41:N42) -> 872464.08
A41: RECEITAS FINANCEIRAS | B41: 66837.02 | C41: =181133.26-1938.86 -> 179194.4 | D41: =140371.02+1938.86 -> 142309.88 | E41: 104053.74 | F41: 168393.61 | G41: 190895.39 | H41: 130259.86 | N41: =SUM(B41:M41) -> 981943.9
A42: DESPESAS FINANCEIRAS | B42: -1726.78 | C42: -8745.31 | D42: -44087.04 | E42: -25270.98 | F42: -18465.24 | G42: -5645.92 | H42: -5538.55 | N42: =SUM(B42:M42) -> -109479.82
A44: RESULTADO DO PERÍODO | B44: =B38+B40 -> 2878074.7 | C44: =C38+C40 -> -4200514.3 | D44: =D38+D40 -> -6062134.5 | E44: =E38+E40 -> -4052653.6 | F44: =F38+F40 -> -4355063.1 | G44: =G38+G40 -> -884503.96 | H44: =H38+H40 -> -3150461.3 | I44: =I38+I40 -> 0 | ... N44: =N38+N40 -> -19827256
F47: =+F46-F44 -> 4355063.1 | G47: =+G46-G44 -> 884503.96

Sheet DFC
A2: INSTITUTO DO CÂNCER DO ESTADO DE SÃO PAULO - ICESP
A4: CONTRATO DE GESTÃO N.º 01/2022
A5: ANO V - FEV/2026 A JAN/2027
A6: FLUXOS DE CAIXA DE AGOSTO/2026 (R$ mil)
C9: FEV | D9: MAR | E9: ABR | F9: MAI | G9: JUN | H9: JUL | I9: AGO
C10: 2026 | D10: 2026 | E10: 2026 | F10: 2026 | G10: 2026 | H10: 2026 | I10: 2026
A12: Saldo inicial | C12: -1942.69 | D12: =C43 -> 549.22 | E12: =D43 -> 865.21 | F12: =E43 -> -5920.08 | G12: =F43 -> -6108.76 | H12: =G43 -> -10949.12 | I12: =H43 -> -15840.63
A14: Recebimentos
A15: SUS | C15: 0 | D15: 0 | E15: 0 | F15: 0
A16: Saúde Suplementar | C16: 0 | D16: 0 | E16: 0 | F16: 0
A17: Particulares | C17: 0 | D17: 0 | E17: 0 | F17: 0
A18: Subvenções | C18: 67700 | D18: 67700 | E18: 67700 | F18: 67700 | G18: 67700 | H18: 67700 | I18: 67700
A19: Receitas Financeiras | C19: 34.45 | D19: 136.65 | E19: 110.65 | F19: 96.59 | G19: 139.01 | H19: 123.65 | I19: 124.42
A20: Outros | C20: 104.15 | D20: 22.26 | E20: 198.75 | F20: 80.94 | G20: 46.27 | H20: 58.75 | I20: 47.07
A21: Total | C21: =SUM(C15:C20) -> 67838.6 | D21: =SUM(D15:D20) -> 67858.91 | E21: =SUM(E15:E20) -> 68009.4 | F21: =SUM(F15:F20) -> 67877.53 | G21: =SUM(G15:G20) -> 67885.28 | H21: =SUM(H15:H20) -> 67882.4 | I21: =SUM(I15:I20) -> 67871.49
A23: Pagamentos de despesas
A24: RH Fundacionais | C24: -37826.3 | D24: -38950.93 | E24: -42703.9 | F24: -40554.91 | G24: -41250.18 | H24: =-27930.99-12278-1662-0.7 -> -41871.69 | I24: -39105.34
A25: RH Complementaristas | C25: -52.24 | D25: -60.38 | E25: -60.38 | F25: -60.7 | G25: -53.84 | H25: -57.59 | I25: -60.61
A26: Provisão para 13º salário | C26: -3014.47 | D26: -3090.65 | E26: -3065.29 | F26: -3001.45 | G26: -2999.63 | H26: -1384.86 | I26: -2712.86
A27: Subtotal RH* | C27: =SUM(C24:C26) -> -40893.01 | D27: =SUM(D24:D26) -> -42101.96 | E27: =SUM(E24:E26) -> -45829.57 | F27: =SUM(F24:F26) -> -43617.06 | G27: =SUM(G24:G26) -> -44303.65 | H27: =SUM(H24:H26) -> -43314.14 | I27: =SUM(I24:I26) -> -41878.81
A28: Prestações de serviços (PJ e PF) | C28: -7713.47 | D28: -7982.52 | E28: -8063.95 | F28: -7922.52 | G28: -9736.75 | H28: -11689.22 | I28: -9536.13
A29: Materiais de consumo | C29: -14062.33 | D29: -13506.98 | E29: -14950.41 | F29: -13509.61 | G29: -13889.54 | H29: -13886.03 | I29: -14459.37
A30: Outros | C30: =-1049.61-0.3 -> -1049.91 | D30: -1647.11 | E30: -1783.72 | F30: -1347.29 | G30: -1864.31 | H30: -1915.67 | I30: -1539.19
A31: Total | C31: =SUM(C27:C30) -> -63718.72 | D31: =SUM(D27:D30) -> -65238.57 | E31: =SUM(E27:E30) -> -70627.65 | F31: =SUM(F27:F30) -> -66396.48 | G31: =SUM(G27:G30) -> -69794.25 | H31: =SUM(H27:H30) -> -70805.06 | I31: =SUM(I27:I30) -> -67413.5
A33: Transferências internas
A34: Reembolso de Custos Adm FFM | C34: 0 | D34: 0 | E34: 0 | F34: 0 | G34: 0 | H34: 0 | I34: 0
A35: Aportes do Fundo de Investimentos | C35: 0 | D35: 0 | E35: 0 | F35: 0 | G35: 0 | H35: 0 | I35: 0
A36: Outras | C36: -1612.28 | D36: -2298.05 | E36: -4152.2 | F36: -1662.83 | G36: -2931.39 | H36: -1966.77 | I36: -2262.68
A37: Total | C37: =SUM(C34:C36) -> -1612.28 | D37: =SUM(D34:D36) -> -2298.05 | E37: =SUM(E34:E36) -> -4152.2 | F37: =SUM(F34:F36) -> -1662.83 | G37: =SUM(G34:G36) -> -2931.39 | H37: =SUM(H34:H36) -> -1966.77 | I37: =SUM(I34:I36) -> -2262.68
A39: Variação Operacional | C39: =C21+C31+C37 -> 2507.6 | D39: =D21+D31+D37 -> 322.29 | E39: =E21+E31+E37 -> -6770.45 | F39: =F21+F31+F37 -> -181.78 | G39: =G21+G31+G37 -> -4840.36 | H39: =H21+H31+H37 -> -4889.43 | I39: =I21+I31+I37 -> -1804.69
A41: Pagamentos de bens e investimentos | C41: -15.69 | D41: -6.3 | E41: -14.84 | F41: -6.9 | G41: 0 | H41: -2.08 | I41: -5.42
A43: Saldo Final | C43: =C12+C39+C41 -> 549.22 | D43: =D12+D39+D41 -> 865.21 | E43: =E12+E39+E41 -> -5920.08 | F43: =F12+F39+F41 -> -6108.76 | G43: =G12+G39+G41 -> -10949.12 | H43: =H12+H39+H41 -> -15840.63 | I43: =I12+I39+I41 -> -17650.74
A45: * CGs 88710 , 88711, 88712, 88713, 88714

Sheet CONCILIAÇÃO
A3: INSTITUTO DO CÂNCER DO ESTADO DE SÃO PAULO - ICESP
A4: CONTRATO DE GESTÃO N.º 01/2022
A5: ANO V - FEV/2026 A FEV/2027
A7: CONCILIAÇÃO BANCÁRIA (R$ MIL)
C9: FEV | D9: MAR | E9: ABR | F9: MAI | G9: JUN | H9: JUL | I9: AGO
C10: 2026 | D10: 2026 | E10: 2026 | F10: 2026 | G10: 2026 | H10: 2026 | I10: 2026
A12: SALDO DO FLUXO DE CAIXA | C12: 549 | D12: 865.21 | E12: -5920.08 | F12: -6108.76 | G12: -10949.12 | H12: -15840.63 | I12: -17650.74
A14: OPERAÇÕES NÃO REALIZADAS EM CONTA BANCÁRIA
A16: PROVISÃO ACUMULADA PARA 13º SALÁRIO | C16: 6079 | D16: 9170 | E16: 12235 | F16: 15237 | G16: 18236 | H16: 19621 | I16: 22334
A17: PAGAMENTOS REALIZADOS PELA CONTA BANCÁRIA CENTRAL DA FFM PENDENTES DE ALOCAÇÃO NA CONTA BANCÁRIA DO CONTRATO | C17: -5 | D17: 11 | E17: -23 | F17: -923 | G17: 2511 | H17: 3678 | I17: 1263
A18: AJUSTES BANCÁRIOS A EFETUAR EM PERÍODOS SEGUINTES | C18: -374.6 | D18: 0 | E18: 0 | F18: -241 | G18: -597 | H18: -1246 | I18: -515
A19: CHEQUES A COMPENSAR
A21: SALDO BANCÁRIO | C21: =SUM(C12:C19) -> 6248.4 | D21: =SUM(D12:D19) -> 10046.21 | E21: =SUM(E12:E19) -> 6291.92 | F21: =SUM(F12:F19) -> 7964.24 | G21: =SUM(G12:G19) -> 9200.88 | H21: =SUM(H12:H19) -> 6212.37 | I21: =SUM(I12:I19) -> 5431.26

Sheet ICESP-CGs OP 88700_701
A1: Instituto do Câncer do Estado de São Paulo - ICESP
A2: Contrato de Gestão nº 01/2017 - Ano V (fev/2021 a jan/2022) - Posição Consolidada
A3: Fluxos de Caixa de Janeiro a Fevereiro 2022 (R$ mil)
C5: JAN | D5: FEV | E5: MAR | F5: ABR | G5: MAI | H5: JUN | I5: JUL | J5: AGO | K5: SET | L5: OUT | M5: NOV | N5: DEZ | O5: JAN | Q5: TOTAL
C6: 2022 | D6: 2022 | E6: 2022 | F6: 2022 | G6: 2022 | H6: 2022 | I6: 2022 | J6: 2022 | K6: 2022 | L6: 2022 | M6: 2022 | N6: 2022 | O6: 2023
A8: Saldo inicial | C8: 9586.0919 | D8: 7692.8219 | E8: =D39 -> -0.19811 | F8: =E39 -> -0.19811 | G8: =F39 -> -0.19811 | H8: =G39 -> -0.19811 | I8: =H39 -> -0.19811 | J8: =I39 -> -0.19811 | K8: =J39 -> -0.19811 | L8: =K39 -> -0.19811 | ... O8: =N39 -> -0.19811 | Q8: =D8 -> 7692.8219
A10: Recebimentos
A11: SUS | C11: 0 | D11: 0 | E11: 0 | F11: 0 | G11: 0 | H11: 0 | I11: 0 | J11: 0 | K11: 0 | L11: 0 | M11: 0 | N11: 0 | O11: 0 | Q11: =SUM(E11:P11) -> 0
A12: Saúde Suplementar | C12: 0 | D12: 0 | E12: 0 | F12: 0 | G12: 0 | H12: 0 | I12: 0 | J12: 0 | K12: 0 | L12: 0 | M12: 0 | N12: 0 | O12: 0 | Q12: =SUM(E12:P12) -> 0
A13: Particulares | C13: 0 | D13: 0 | E13: 0 | F13: 0 | G13: 0 | H13: 0 | I13: 0 | J13: 0 | K13: 0 | L13: 0 | M13: 0 | N13: 0 | O13: 0 | Q13: =SUM(E13:P13) -> 0
A14: Subvenções | C14: 47004.01 | D14: 0 | E14: 0 | Q14: =SUM(D14:P14) -> 0
A15: Receitas Financeiras | C15: 57.99 | D15: 9.98 | E15: 0 | Q15: =SUM(D15:P15) -> 9.98
A16: Outros | C16: 0.1 | D16: 0 | E16: 0 | Q16: =SUM(D16:P16) -> 0
A17: Total | C17: =SUM(C11:C16) -> 47062.1 | D17: =SUM(D11:D16) -> 9.98 | E17: =SUM(E11:E16) -> 0 | F17: =SUM(F11:F16) -> 0 | G17: =SUM(G11:G16) -> 0 | H17: =SUM(H11:H16) -> 0 | I17: =SUM(I11:I16) -> 0 | J17: =SUM(J11:J16) -> 0 | ... O17: =SUM(O11:O16) -> 0 | Q17: =SUM(Q11:Q16) -> 9.98
A19: Pagamentos de despesas
A20: RH Fundacionais | C20: -29385.92 | D20: -9463.81 | E20: 0 | Q20: =SUM(D20:P20) -> -9463.81
A21: RH Complementaristas | C21: 0 | D21: 0 | E21: 0 | F21: 0 | G21: 0 | H21: 0 | I21: 0 | J21: 0 | K21: 0 | L21: 0 | M21: 0 | N21: 0 | O21: 0 | Q21: =SUM(D21:P21) -> 0
A22: Provisão para 13º salário | C22: -1770.79 | D22: 1701.55 | E22: 0 | Q22: =SUM(D22:P22) -> 1701.55
A23: Subtotal RH | C23: =SUM(C20:C22) -> -31156.71 | D23: =SUM(D20:D22) -> -7762.26 | E23: =SUM(E20:E22) -> 0 | F23: =SUM(F20:F22) -> 0 | G23: =SUM(G20:G22) -> 0 | H23: =SUM(H20:H22) -> 0 | I23: =SUM(I20:I22) -> 0 | J23: =SUM(J20:J22) -> 0 | ... O23: =SUM(O20:O22) -> 0 | Q23: =SUM(Q20:Q22) -> -7762.26
A24: Prestações de serviços (PJ e PF) | C24: -6299.79 | D24: -33.75 | E24: 0 | Q24: =SUM(D24:P24) -> -33.75
A25: Materiais de consumo | C25: -8755.4 | D25: 0 | E25: 0 | Q25: =SUM(D25:P25) -> 0
A26: Outros | C26: -2026.3 | D26: 0 | E26: 0 | Q26: =SUM(D26:P26) -> 0
A27: Total | C27: =SUM(C23:C26) -> -48238.2 | D27: =SUM(D23:D26) -> -7796.01 | E27: =SUM(E23:E26) -> 0 | F27: =SUM(F23:F26) -> 0 | G27: =SUM(G23:G26) -> 0 | H27: =SUM(H23:H26) -> 0 | I27: =SUM(I23:I26) -> 0 | J27: =SUM(J23:J26) -> 0 | ... O27: =SUM(O23:O26) -> 0 | Q27: =SUM(Q23:Q26) -> -7796.01
A29: Transferências internas
A30: Reembolso de Custos Adm FFM | C30: 0 | D30: 0 | E30: 0 | F30: 0 | G30: 0 | H30: 0 | I30: 0 | J30: 0 | K30: 0 | L30: 0 | M30: 0 | N30: 0 | O30: 0 | Q30: =SUM(E30:P30) -> 0
A31: Aportes do Fundo de Investimentos | C31: 0 | D31: 0 | E31: 0 | F31: 0 | G31: 0 | H31: 0 | I31: 0 | J31: 0 | K31: 0 | L31: 0 | M31: 0 | N31: 0 | O31: 0 | Q31: =SUM(E31:P31) -> 0
A32: Outras | C32: =-706.49+0.4 -> -706.09 | D32: 59.26 | Q32: =SUM(D32:P32) -> 59.26
A33: Total | C33: =SUM(C30:C32) -> -706.09 | D33: =SUM(D30:D32) -> 59.26 | E33: =SUM(E30:E32) -> 0 | F33: =SUM(F30:F32) -> 0 | G33: =SUM(G30:G32) -> 0 | H33: =SUM(H30:H32) -> 0 | I33: =SUM(I30:I32) -> 0 | J33: =SUM(J30:J32) -> 0 | ... O33: =SUM(O30:O32) -> 0 | Q33: =SUM(Q30:Q32) -> 59.26
A35: Variação Operacional | C35: =C17+C27+C33 -> -1882.19 | D35: =D17+D27+D33 -> -7726.77 | E35: =E17+E27+E33 -> 0 | F35: =F17+F27+F33 -> 0 | G35: =G17+G27+G33 -> 0 | H35: =H17+H27+H33 -> 0 | I35: =I17+I27+I33 -> 0 | J35: =J17+J27+J33 -> 0 | ... O35: =O17+O27+O33 -> 0 | Q35: =Q17+Q27+Q33 -> -7726.77
A37: Pagamentos de bens e investimentos | C37: -11.08 | D37: 33.75 | E37: 0 | Q37: =SUM(D37:P37) -> 33.75
A39: Saldo Final | C39: =C8+C35+C37 -> 7692.8219 | D39: =D8+D35+D37 -> -0.19811 | E39: =E8+E35+E37 -> -0.19811 | F39: =F8+F35+F37 -> -0.19811 | G39: =G8+G35+G37 -> -0.19811 | H39: =H8+H35+H37 -> -0.19811 | I39: =I8+I35+I37 -> -0.19811 | J39: =J8+J35+J37 -> -0.19811 | ... O39: =O8+O35+O37 -> -0.19811 | Q39: =Q8+Q35+Q37 -> -0.19811
A41: * CGs 88.700, 88.701
